 Dungeon Crawl Stone Soup version 0.13.0-17-g5f0e85f (webtiles) character file.

373 Kejsarherre the Skirmisher (level 5, -5/50 HPs)
             Began as an Ogre Wanderer on Oct 21, 2013.
             Was an Initiate of the Shining One.
             Slain by Edmund
             ... wielding a +3,+5 flail of protection
              (13 damage)
             ... on Level 5 of the Dungeon.
             The game lasted 00:06:27 (3142 turns).

Kejsarherre the Skirmisher (Ogre Wanderer)          Turns: 3142, Time: 00:06:27

HP  -5/50        AC  3     Str 16      XL: 5   Next: 38%
MP   5/5         EV  9     Int 16      God: the Shining One [......]
Gold 216         SH  0     Dex  8 (9)  Spells:  0 memorised,  4 levels left

Res.Fire  : . . .   See Invis. : .   b - +1 dwarf flail
Res.Cold  : . . .   Warding    : .   c - +0 robe
Life Prot.: . . .   Conserve   : .   (shield restricted)
Res.Poison: .       Res.Corr.  : .   (helmet restricted)
Res.Elec. : .       Clarity    : .   (no cloak)
Sust.Abil.: . .     Spirit.Shd : .   (gloves unavailable)
Res.Mut.  : .       Stasis     : .   (boots unavailable)
Res.Rott. : .       Flight     : .   (no amulet)
Saprovore : + . .                    (no ring)
                                     (no ring)

@: brilliant, very slightly contaminated, slightly resistant to hostile
enchantments, unstealthy
A: unfitting armour, blurry vision 1, deterioration 1, herbivore 1, fast
metabolism 1, saprovore 1, screaming 1, tough skin 1, wild magic 1, Str -2
a: Renounce Religion


You were on level 5 of the Dungeon.
You worshipped the Shining One. the Shining One was noncommittal.
You were hungry.

You visited 1 branch of the dungeon, and saw 5 of its levels.

You collected 166 gold pieces.

Inventory:

Hand weapons
 b - a +1,+1 dwarven flail (weapon)
 k - a +0,+0 mace
Armour
 c - a +0 robe (worn)
Magical devices
 v - a wand of digging (5)
Comestibles
 f - 5 meat rations
 m - 2 bread rations
 p - a choko
 r - an orange
Scrolls
 e - 2 scrolls of magic mapping {unknown}
 g - a scroll of enchant armour {unknown}
 h - 2 scrolls of remove curse {unknown}
 i - 2 scrolls of enchant weapon II {unknown}
 j - a scroll of curse armour {unknown}
 l - 4 scrolls of identify {unknown}
 o - 3 scrolls of fear {unknown}
 q - 2 scrolls of teleportation
 t - a scroll of blinking {unknown}
 u - 3 scrolls of curse jewellery {unknown}
Jewellery
 n - an uncursed ring of sustenance {unknown}
Potions
 d - a potion of brilliance


   Skills:
 - Level 6.1 Fighting
 + Level 5.6 Maces & Flails
   Level 2.0 Polearms
 - Level 1.0 Dodging
 - Level 1.5 Stealth
   Level 1.0 Shields


You had 4 spell levels left.
You didn't know any spells.

Dungeon Overview and Level Annotations

Branches:
Dungeon (5/27)
 Temple: D:4-7

Altars:
Cheibriados
Nemelex Xobeh
Trog
the Shining One

Annotations:
D:5 Edmund


Innate Abilities, Weirdness & Mutations

You are too large for most types of armour.
You have a fast metabolism.
You can tolerate rotten meat.
You have tough skin (AC +1).
Your vision is a little blurry.
Your body is slowly deteriorating.
You digest meat inefficiently.
You occasionally shout uncontrollably.
You are weak. (Str -2)
Your spells are a little harder to cast, but a little more powerful.


Message History

Really attack the helpless Edmund? [Y]es or [N]o only, please.
Really attack the helpless Edmund?
Okay, then.
You are feeling hungry.
You flicker for a moment.
Drink which item? (? for menu, Esc to quit)
Okay, then.
You flicker back into view.
You are too injured to fight recklessly!
You are too injured to fight recklessly!
You are too injured to fight recklessly!
You hit Edmund but do no damage.
Edmund is severely wounded.
Edmund hits you with a glowing flail.
* * * LOW HITPOINT WARNING * * *
You barely miss Edmund.
Edmund is severely wounded.
Edmund hits you with a glowing flail!
You die...

#...##.# ##### #...##.# ##
#...#####...##.# ..#
#...#...#<# #.# ...#
.####...#...#.####.####...##
.............................
#########....................
#.####.....#.#...####
###)......@###....##
#.........@###....#
#.................#
###.....########### #.....#
#.....# #######


You could see Edmund.

Vanquished Creatures
  Terence (D:2)
  5 adders
  An inept item mimic (D:3)
  A worm (D:2)
  3 giant geckos
  9 orcs
  7 giant cockroaches
  5 goblins
  7 hobgoblins
  4 kobolds
  2 ball pythons
  13 bats
  3 giant newts
  6 jackals
  9 rats
76 creatures vanquished.

Notes
Turn   | Place    | Note
--------------------------------------------------------------
     0 | D:1      | Kejsarherre, the Ogre Wanderer, began the quest for the Orb.
     0 | D:1      | Reached XP level 1. HP: 18/18 MP: 1/1
   161 | D:1      | Reached XP level 2. HP: 24/27 MP: 2/2
   190 | D:1      | Reached skill level 6 in Fighting
   221 | D:1      | Rikelek: i go gym with da phridaz now
   221 | D:1      | Rikelek: kanske blir vi klara samtidigt
   221 | D:1      | Rikelek: stay in tusch bro
   315 | D:1      | Reached skill level 1 in Maces & Flails
   423 | D:1      | Reached XP level 3. HP: 28/35 MP: 3/3
   681 | D:2      | Noticed a giant slug
   681 | D:2      | Noticed an agate snail
   681 | D:2      | Noticed Terence
   703 | D:2      | Killed Terence
  1143 | D:2      | Reached XP level 4. HP: 33/44 MP: 4/4
  1256 | D:2      | Found a snail-covered altar of Cheibriados.
  1419 | D:2      | Noticed an elephant slug
  1970 | D:3      | Found a glowing golden altar of the Shining One.
  2003 | D:3      | Became a worshipper of the Shining One
  2086 | D:3      | Reached XP level 5. HP: 43/50 MP: 5/5
  2091 | D:3      | Reached skill level 5 in Maces & Flails
  2232 | D:3      | Found a sparkling altar of Nemelex Xobeh.
  2465 | D:4      | Found a bloodstained altar of Trog.
  3062 | D:5      | Entered Level 5 of the Dungeon
  3089 | D:5      | Noticed Edmund
  3102 | D:5      | Gained mutation: You digest meat inefficiently. [potion of mutation]
  3102 | D:5      | Gained mutation: You are weak. (Str -2) [potion of mutation]
  3102 | D:5      | Gained mutation: Your vision is a little blurry. [potion of mutation]
  3103 | D:5      | Gained mutation: Your spells are a little harder to cast, but a little more powerful. [potion of mutation]
  3103 | D:5      | Gained mutation: Your body is slowly deteriorating. [potion of mutation]
  3103 | D:5      | Gained mutation: You occasionally shout uncontrollably. [potion of mutation]
  3142 | D:5      | Slain by Edmund

Action                   |  1- 3 |  4- 6 || total
-------------------------+-------+-------++-------
Melee: Spear             |    46 |       ||    46
       Mace              |    47 |       ||    47
       Flail             |    17 |   178 ||   195
Evoke: Wand              |       |     2 ||     2
  Use: Potion            |     4 |     6 ||    10
 Stab: Sleeping          |     3 |       ||     3
